 Dungeon Crawl Stone Soup version 0.30-a0-782-ge64f9170bb (webtiles) character file.

Game seed: 1220088838246503557

5683 Jaaky the Nimble (level 10, -11/53 HPs)
             Began as a Spriggan Brigand on Mar 16, 2023.
             Mangled by an ice devil (18 damage)
             ... on level 8 of the Dungeon.
             The game lasted 00:21:53 (9608 turns).

Jaaky the Nimble (Spriggan Brigand)                 Turns: 9608, Time: 00:21:53

Health: -11/53     AC:  9    Str:  9    XL:     10   Next: 47%
Magic:  11/11      EV: 25    Int: 13    God:
Gold:   330        SH:  0    Dex: 19    Spells: 9/9 levels left

rFire   . . .      SeeInvis +    o - +5 short sword (venom)
rCold   . . .      Faith    +    (no shield)
rNeg    . . .      Spirit   .    g - +2 acid dragon scales
rPois   .          Reflect  .    (helmet restricted)
rElec   .          Harm     .    c - +0 cloak
rCorr   +          Rampage  .    (gloves unavailable)
Will    +....                    (boots unavailable)
Stlth   +++                      f - amulet of faith
HPRegen 0.28/turn                (no ring)
MPRegen 0.12/turn                (no ring)

@: very quick
A: very small, no large weapons, unfitting armour, see invisible, speed 3
a: no special abilities


You were on level 8 of the Dungeon.
You visited 2 branches of the dungeon, and saw 10 of its levels.

You collected 636 gold pieces.
You spent 306 gold pieces at shops.

Inventory:

Hand Weapons
 a - a +4 heavy dagger
 o - a +5 short sword of venom (weapon)
Missiles
 d - 14 poisoned darts (quivered)
 e - 3 curare-tipped darts
 A - a throwing net
Armour
 b - a +0 robe
 c - a +0 cloak (worn)
 g - +2 acid dragon scales (worn)
 k - a +1 hat of see invisible
Jewellery
 f - an amulet of faith (around neck)
 v - a ring of ice
Scrolls
 h - 2 scrolls of fog
 i - 2 scrolls of vulnerability
 j - a scroll of identify
 l - a scroll of noise
 q - a scroll of fear
 s - 2 scrolls of immolation
 C - a scroll of teleportation
Potions
 m - a potion of degeneration
 n - 3 potions of resistance {unknown}
 p - 2 potions of heal wounds {unknown}
 r - 2 potions of cancellation
 t - 2 potions of attraction {unknown}
 u - a potion of magic {unknown}
 w - a potion of might
 x - 2 potions of curing {unknown}
 E - 2 potions of flight {unknown}
 F - a potion of invisibility {unknown}


   Skills:
 * Level 6.9 Fighting
 + Level 10.2 Short Blades
 - Level 2.1 Throwing
 * Level 12.7 Dodging
 - Level 6.7 Stealth


You had 9 spell levels left.
You didn't know any spells.
Your spell library contained the following spells:

 Spells                   Type           Power      Damage    Failure   Level
 Scorch                   Fire           0%         2d5       61%         2
 Kindle Blastsparks       Fire/Tloc/Air  0%         2d10      83%         3
 Stone Arrow              Conj/Erth      0%         3d7       83%         3
 Summon Guardian Golem    Hex/Summ       0%         N/A       83%         3
 Animate Armour           Summ/Erth      0%         N/A       99%         4
 Flame Wave               Conj/Fire      0%         2d4       99%         4
 Fulminant Prism          Conj/Hex       0%         3d5       99%         4
 Iskenderun's Mystic Bla  Conj/Tloc      0%         2d3       99%         4
 Summon Ice Beast         Ice/Summ       0%         N/A       99%         4
 Lee's Rapid Deconstruct  Erth           0%         3d4*      100%        5
 Summon Mana Viper        Hex/Summ       0%         N/A       100%        5
 Summon Cactus Giant      Summ           0%         N/A       100%        6
 Monstrous Menagerie      Summ           0%         N/A       100%        7
 Orb of Destruction       Conj           0%         9d5       100%        7
 Spellforged Servitor     Conj/Summ      0%         N/A       100%        7
 Lehudib's Crystal Spear  Conj/Erth      0%         10d2      100%        8


Dungeon Overview and Level Annotations

Branches:
Dungeon (9/15)             Temple (1/1) D:5
   Lair: D:8-11         Orc: D:9-12

Altars:
Ashenzari
Cheibriados
Elyvilon
Fedhas
Gozag
Hepliaklqana
Makhleb
Nemelex Xobeh
Okawaru
Qazlal
Ru
Sif Muna
Trog
Uskayaw
Vehumet
Wu Jian
Xom
Zin

Shops:
D:1 :   D:2 ?   D:4 ?   D:8 **

Annotations:
D:3 Jessica, Robin
D:6 exclusion: statue


Innate Abilities, Weirdness & Mutations

You are very small and have problems with some larger weapons.
You are too small for most types of armour.
You have supernaturally acute eyesight. (SInv)
You cover ground extremely quickly. (Speed+++)


Message History

There is a stone staircase leading down here.
You start resting.
HP restored.
You climb downwards.
The ice devil hits you. The ice devil freezes you!
The gnoll completely misses you. The gnoll misses you.
The ice devil hits you but does no damage.
There is a stone staircase leading up, spattered with blood here.
You hit the ice devil but do no damage. The ice devil completely misses you.
The gnoll hits you from afar with a +0 halberd of flaming.
The gnoll burns you.
You climb upwards.
There is a stone staircase leading down here.
You hit the ice devil but do no damage. The ice devil barely misses you.
You closely miss the ice devil. You barely miss the ice devil.
The ice devil barely misses you.
You hit the ice devil but do no damage. You hit the ice devil but do no damage.
The ice devil misses you.
You hit the ice devil.
The ice devil is poisoned.
The ice devil is lightly wounded.
You hit the ice devil but do no damage.
The ice devil is lightly wounded.
The ice devil misses you.
You hit the ice devil but do no damage.
The ice devil looks as sick as possible!
The ice devil is lightly wounded.
You barely miss the ice devil.
The ice devil is lightly wounded.
The ice devil hits you. The ice devil freezes you!!
* * * LOW HITPOINT WARNING * * *
You hit the ice devil but do no damage.
The ice devil looks as sick as possible!
The ice devil is moderately wounded.
You puncture the ice devil!
The ice devil looks as sick as possible!
The ice devil is heavily wounded.
The ice devil hits you.
* * * LOW HITPOINT WARNING * * *
The ice devil freezes you!!
You die...

.............................#
.....(.........###############
........#......## #....#
###......(......# #....#
.#...##.........# #....#
.....##.#####...# #....#
........#...#...# #....#
........#.#.#...####....#
........#.#.#..4@.......#
####......#.###.....##..#
##......###.#...........#########
..........#.....)...###..........
....^..............## #######.###
...................# #.#
..............##...# #.#
...................# #.#
......#.#..........# #.#


You could see an ice devil (extremely poisoned).

Vanquished Creatures
  Gastronok (D:8)
  Erica (D:8)
  Pikel (D:7)
  A hornet (D:9)
  Grinder (D:3)
  2 acid dragons
  A water moccasin (D:8)
  4 orc warriors
  A black bear (D:5)
  A sky beast (D:8)
  An ogre (D:6)
  2 centaurs
  3 lemures (D:7)
  3 bullfrogs
  2 necrophages
  A gnoll sergeant (D:9)
  3 scorpions (D:6)
  11 killer bees
  A howler monkey (D:6)
  3 hounds
  3 jellies (D:5)
  2 orc priests
  7 iguanas
  Natasha (twice) (D:3)
  Terence (D:3)
  7 orc wizards
  4 gnolls (D:5)
  6 adders
  A shadow imp (D:6)
  2 white imps
  4 worms
  7 dart slugs
  32 orcs
  12 ball pythons
  7 endoplasms
  A giant cockroach (D:3)
  38 goblins
  32 hobgoblins
  3 jackals (D:4)
  12 kobolds
  3 quokkas
  14 bats
  4 frilled lizards
  5 rats
253 creatures vanquished.

Vanquished Creatures (others)
  A butterfly (D:8)
  6 demonic plants (D:9)
  2 fungi (D:6)
9 creatures vanquished.

Grand Total: 262 creatures vanquished

Notes
Turn   | Place    | Note
-------+----------+-------------------------------------------
     0 | D:1      | Jaaky the Spriggan Brigand began the quest for the Orb.
     0 | D:1      | Reached XP level 1. HP: 10/10 MP: 2/2
    69 | D:1      | Reached XP level 2. HP: 14/14 MP: 3/3
   134 | D:1      | Found Lyok's Book Boutique.
   316 | D:1      | Reached XP level 3. HP: 18/18 MP: 4/4
   903 | D:2      | Reached skill level 2 in Dodging
   947 | D:2      | Found Inweh's Magic Scroll Boutique.
   983 | D:2      | Bought a scroll of enchant weapon for 82 gold pieces
  1135 | D:2      | Found an ornate altar of the Wu Jian Council.
  1297 | D:3      | Noticed Natasha
  1304 | D:3      | Killed Natasha
  1305 | D:3      | Reached XP level 4. HP: 17/23 MP: 5/5
  1416 | D:3      | Noticed Terence
  1423 | D:3      | Killed Terence
  1424 | D:3      | Reached skill level 3 in Dodging
  1424 | D:3      | Reached XP level 5. HP: 20/27 MP: 6/6
  1490 | D:3      | Noticed Grinder
  1494 | D:3      | Killed Grinder
  1495 | D:3      | Reached skill level 5 in Short Blades
  1495 | D:3      | Reached skill level 4 in Dodging
  1495 | D:3      | Reached XP level 6. HP: 32/32 MP: 7/7
  1577 | D:3      | Noticed Natasha
  1578 | D:3      | Noticed Jessica
  1582 | D:3      | Noticed Robin
  1596 | D:3      | Killed Natasha
  1760 | D:4      | Noticed an orc warrior
  1806 | D:4      | Killed an orc warrior
  1807 | D:4      | Reached XP level 7. HP: 5/36 MP: 8/8
  2140 | D:4      | Found Zuhaaj's Magic Scroll Shoppe.
  2175 | D:4      | Reached skill level 5 in Dodging
  2719 | D:5      | Entered Level 5 of the Dungeon
  2957 | D:5      | Found a staircase to the Ecumenical Temple.
  2994 | Temple   | Entered the Ecumenical Temple
  3368 | D:5      | Found a burning altar of Makhleb.
  3383 | D:5      | Reached skill level 6 in Dodging
  3663 | D:5      | Reached XP level 8. HP: 39/42 MP: 9/9
  4711 | D:6      | Reached skill level 7 in Dodging
  4843 | D:6      | Found a hide-covered altar of Uskayaw.
  5151 | D:6      | Found a radiant altar of Vehumet.
  5168 | D:6      | Reached skill level 8 in Dodging
  5243 | D:6      | You fall into a shaft and drop 3 floors!
  5260 | D:9      | Noticed a two-headed ogre
  5271 | D:9      | Noticed a two-headed ogre
  5274 | D:9      | Noticed an ice devil
  5304 | D:9      | Noticed a sun demon
  5363 | D:9      | Noticed a hornet
  5369 | D:9      | Killed a hornet
  5370 | D:9      | Reached skill level 5 in Fighting
  5578 | D:6      | Reached skill level 9 in Dodging
  5588 | D:6      | Reached XP level 9. HP: 47/47 MP: 10/10
  5995 | D:7      | Noticed Pikel
  6561 | D:7      | Found an opulent altar of Gozag.
  6610 | D:7      | Found an iron altar of Okawaru.
  6795 | D:7      | Killed Pikel
  6796 | D:7      | Reached skill level 10 in Dodging
  7339 | D:8      | Found Byniekat's Specific Store.
  7341 | D:8      | Found Yskozx Rusk's General Store.
  7345 | D:8      | Bought a scroll of enchant weapon for 112 gold pieces
  7345 | D:8      | Bought a scroll of enchant armour for 112 gold pieces
  7382 | D:8      | Found a snail-covered altar of Cheibriados.
  7386 | D:8      | Noticed Gastronok
  7641 | D:8      | Noticed Erica
  7651 | D:8      | Killed Erica
  7652 | D:8      | Reached skill level 11 in Dodging
  8025 | D:8      | Found a broken altar of Ashenzari.
  8045 | D:8      | Reached XP level 10. HP: 53/53 MP: 11/11
  8248 | D:8      | Found a white marble altar of Elyvilon.
  8373 | D:8      | Killed Gastronok
  8374 | D:8      | Reached skill level 10 in Short Blades
  8374 | D:8      | Reached skill level 12 in Dodging
  9608 | D:8      | Mangled by an ice devil

Illustrated notes

Levels and vault maps discovered:
D:1:      amcnicky_arrival_underground_garden, layout_basic, serial_shops, shop,
          kennysheep_minor_cross, feat_on_display
D:2:      layout_rooms, serial_shops, shop, basic_altar
D:3:      layout_rooms, lemuel_coloured_pillars_altar, uniq_grinder,
          uniq_natasha, uniq_jessica, uniq_robin, uniq_terence
D:4:      layout_loops_corners, serial_shops,
          nicolae_shop_temple_entry_statues_fountains
D:5:      minmay_goblin_kobold_castle, layout_basic,
          mainiacjoe_overflow_six_doors_small, minmay_temple_entry_wispy,
          dreamdust_wishing_well
D:6:      old_forge, layout_cave_pools, vehumet_statue,
          eat_drink_and_be_merry_uskayaw
D:7:      layout_basic, kennysheep_okawaru_gauntlet,
          mainiacjoe_overflow_cross_hatched, uniq_pikel
D:8:      layout_basic, nicolae_overflow_crystal_walls,
          nicolae_elyvilon_peaceful_grove, kennysheep_slug_shrine,
          serial_co_window_serial, co_window_corner_a, co_window_paths_b,
          co_window_of_opportunity_a, co_window_corner_a,
          co_window_of_opportunity_a, co_window_of_opportunity_a,
          co_window_corner_cb, co_window_corner_cb, co_window_unsneaky_path_e,
          co_window_broadway_c, co_window_of_opportunity_c, co_window_4corner_a,
          glass_columns_b, glass_columns_a, glass_columns_a, glass_columns_a,
          nicolae_specific_store, uniq_gastronok, uniq_erica
D:9:      layout_rooms, orc_david_3, serial_demonic, serial_demonic_b,
          serial_demonic_e, serial_demonic_f, serial_demonic_g, serial_shops,
          shop_coins, item_on_display_a
Temple:   grunt_temple_mini_profane

Skill      XL: |  1  2  3  4  5  6  7  8  9 10 |
---------------+-------------------------------+-----
Stealth        | 6 |  6.7
Short Blades   | 3 4 5 6 8 9 10 | 10.2
Dodging        | 2 3 4 6 9 11 12 | 12.7
Fighting       | 2 3 4 5 6 |  6.9
Throwing       | |  2.1

Action                     |  1- 3 |  4- 6 |  7- 9 | 10-12 || total
---------------------------+-------+-------+-------+-------++-------
  Melee: Dagger            |   109 |       |       |       ||   109
         Short sword       |    14 |    63 |   466 |   123 ||   666
         Punch             |     1 |       |     5 |       ||     6
  Throw: Dart              |       |       |       |     3 ||     3
    Use: Scroll            |     2 |       |    16 |     2 ||    20
         Potion            |       |       |       |     1 ||     1
   Stab: Sleeping          |    13 |     3 |    21 |       ||    37
         Distracted        |       |       |     2 |       ||     2
 Armour: Robe              |    15 |     5 |    28 |       ||    48
         Acid dragon scale |       |       |     7 |    13 ||    20
  Dodge: Dodged            |    80 |    35 |   337 |    99 ||   551

Table legend: (Time is in decaauts)
 A = Elapsed time spent in this place.
 B = Non-inter-level travel time spent in this place.
 C = Inter-level travel time spent in this place.
 D = Time resting spent in this place.
 E = Time spent auto-exploring this place.
 F = Levels seen in this place.
 G = Mean time per level.
                   A        B        C        D        E       F      G
               +--------+--------+--------+--------+--------+-----+--------+
         Total |   7082 |   6807 |    275 |   1793 |   3500 |  10 |  708.2 |
       Dungeon |   6893 |   6682 |    211 |   1793 |   3387 |   9 |  765.9 |
        Temple |    188 |    124 |     64 |      0 |    113 |   1 |  188.0 |
               +--------+--------+--------+--------+--------+-----+--------+

Top non-repeatable levels by time:
     D:8: 2236 daAuts
     D:5: 1216 daAuts
     D:4: 928 daAuts
     D:6: 651 daAuts
     D:1: 552 daAuts
     D:7: 549 daAuts
     D:2: 391 daAuts
     D:9: 216 daAuts
  Temple: 188 daAuts
     D:3: 152 daAuts
